 Dungeon Crawl Stone Soup version 0.27-a0-1184-ge86db4a01e (webtiles) character file.

Game seed: 6896039810421666693

82 bande the Shield-Bearer (level 4, -3/28 HPs)
             Began as a Gargoyle Fighter on May 18, 2021.
             Killed by nerve-wracking pain
             ... invoked by a shadow imp
              (7 damage)
             ... on level 5 of the Dungeon.
             The game lasted 00:05:43 (2131 turns).

bande the Shield-Bearer (Gargoyle Fighter)          Turns: 2131, Time: 00:05:43

Health: -3/28      AC: 17    Str: 20    XL:     4   Next: 43%
Magic:  4/4        EV:  5    Int:  8    God:
Gold:   162        SH:  9    Dex: 10    Spells: 3/3 levels left

rFire    . . .     SeeInvis .   a - +0 war axe (freeze)
rCold    . . .     Faith    .   c - +0 kite shield
rNeg     + . .     Spirit   .   k - +0 chain mail
rPois    ∞         Reflect  .   m - +2 helmet
rElec    +         Harm     .   (no cloak)
rCorr    .         Rampage  .   g - +0 pair of gloves
Will     .....                  (no boots)
Stlth    ..........             (no amulet)
HPRegen  0.09/turn              (no ring)
MPRegen  0.09/turn              (no ring)

@: no status effects
A: sickness immunity, AC +3, negative energy resistance 1, electricity
resistance, torment resistance 1, petrification resistance
a: no special abilities


You were on level 5 of the Dungeon.
You visited 1 branch of the dungeon, and saw 4 of its levels.

You collected 162 gold pieces.

Inventory:

Hand Weapons
 a - a +0 war axe of freezing (weapon)
Armour
 c - a +0 kite shield (worn)
 g - a +0 pair of gloves (worn)
 k - a +0 chain mail (worn)
 m - a +2 helmet (worn)
Wands
 h - a wand of iceblast (5)
Scrolls
 e - 2 scrolls of teleportation
 i - a scroll of fog
Potions
 d - 3 potions of might
 f - a potion of haste
 j - 2 potions of heal wounds


   Skills:
 + Level 3.6 Fighting
 + Level 2.9 Axes
 + Level 3.5 Armour
 + Level 0.1 Dodging
 - Level 0.1 Stealth
 + Level 4.2 Shields
 * Level 0.1 Evocations


You had 3 spell levels left.
You didn't know any spells.
Your spell library was empty.

Dungeon Overview and Level Annotations

Branches:
Dungeon (3/15)

Altars:
Vehumet


Innate Abilities, Weirdness & Mutations

You are immune to sickness and miasma.
Your stone body is resilient. (AC +3)
You are immune to poison.
You resist negative energy. (rN+)
You are resistant to electric shocks. (rElec)
You are resistant to unholy torment.
You are immune to petrification.


Message History

The shaft crumbles and collapses.
Found 18 stones.
j - 2 potions of heal wounds (gained 1)
A white imp comes into view.
The white imp gestures at you. The puff of frost hits you.
A shadow imp comes into view.
The shadow imp shouts!
You closely miss the white imp.
The white imp hits you but does no damage.
The shadow imp gestures at you. Pain shoots through your body!
You hit the white imp.
The white imp is heavily wounded.
You block the white imp's attack. The white imp hits you.
The white imp freezes you.
You hit the white imp.
The white imp is severely wounded.
The white imp gestures at you. The puff of frost hits you.
The shadow imp gestures at you. Pain shoots through your body!
* * * LOW HITPOINT WARNING * * *
You slash the white imp!
You kill the white imp!
The shadow imp gestures at you.
You barely resist. You hit the shadow imp.
The shadow imp is lightly wounded.
The shadow imp sputters.
The shadow imp hits you but does no damage. x2
You barely miss the shadow imp.
The shadow imp is lightly wounded.
You block the shadow imp's attack. The shadow imp hits you.
* * * LOW HITPOINT WARNING * * *
You closely miss the shadow imp.
The shadow imp is lightly wounded.
The shadow imp gestures at you. Pain shoots through your body!
You die...

#.........#
#.......(.#
#.........#
#.........#
#.........#
#.........#
####...####
#####.$.#####
#......@5...#
...............
#...........###
#####...#####
#...# #...#
#...# ##.##


You could see a shadow imp.

Vanquished Creatures
  3 adders
  A white imp (D:5)
  2 bats
  2 endoplasms
  4 giant cockroaches
  4 goblins
  2 hobgoblins
  4 jackals (D:3)
  A quokka (D:1)
  8 ball pythons
  4 frilled lizards
  3 kobolds
  10 rats
48 creatures vanquished.

Vanquished Creatures (others)
  4 plants (D:2)
4 creatures vanquished.

Grand Total: 52 creatures vanquished

Notes
Turn   | Place    | Note
-------+----------+-------------------------------------------
     0 | D:1      | bande the Gargoyle Fighter began the quest for the Orb.
     0 | D:1      | Reached XP level 1. HP: 14/14 MP: 1/1
    76 | D:1      | Found a faded altar of an unknown god.
   220 | D:1      | Reached XP level 2. HP: 18/19 MP: 2/2
   322 | D:1      | Found a radiant altar of Vehumet.
   797 | D:2      | Reached XP level 3. HP: 20/23 MP: 3/3
  1142 | D:2      | Reached skill level 4 in Shields
  1958 | D:3      | Reached XP level 4. HP: 28/28 MP: 4/4
  2102 | D:3      | You fall into a shaft and drop 2 floors!
  2102 | D:5      | Entered Level 5 of the Dungeon
  2131 | D:5      | Killed from afar by a shadow imp

Illustrated notes

Levels and vault maps discovered:
D:1:      lightli_arrival_statuegarden, layout_rooms, basic_ecumenical_altar,
          kennysheep_flooded_box
D:2:      minmay_evil_eye, layout_basic, serial_bayou_ford_a,
          minmay_rat_gold_closets
D:3:      layout_basic
D:5:      layout_loops_cross, uniq_blork_the_orc

Skill      XL: |  1  2  3 |
---------------+----------+-----
Axes           | 2 |  2.9
Shields        | 4 |  4.2
Fighting       | |  3.6
Armour         | |  3.5
Dodging        | |  0.1
Stealth        | |  0.1
Evocations     | |  0.1

Action                   |  1- 3 |  4- 6 || total
-------------------------+-------+-------++-------
Melee: War axe           |   120 |    23 ||   143
  Use: Scroll            |     5 |       ||     5
       Potion            |     4 |       ||     4
Armor: Scale mail        |    55 |     1 ||    56
       Chain mail        |       |    12 ||    12
Dodge: Dodged            |    33 |     3 ||    36
Block: Kite shield       |    75 |    12 ||    87

Table legend: (Time is in decaauts)
 A = Elapsed time spent in this place.
 B = Non-inter-level travel time spent in this place.
 C = Inter-level travel time spent in this place.
 D = Time resting spent in this place.
 E = Time spent auto-exploring this place.
 F = Levels seen in this place.
 G = Mean time per level.
                   A        B        C        D        E       F      G
               +--------+--------+--------+--------+--------+-----+--------+
         Total |   2216 |   2193 |     23 |    231 |   1432 |   4 |  554.0 |
       Dungeon |   2216 |   2193 |     23 |    231 |   1432 |   4 |  554.0 |
               +--------+--------+--------+--------+--------+-----+--------+

Top non-repeatable levels by time:
     D:2: 1349 daAuts
     D:1: 639 daAuts
     D:3: 196 daAuts
     D:5: 32 daAuts
